 Dungeon Crawl Stone Soup version 0.20.0-15-g7f486f2 (webtiles) character file.

1309 vishdafish the Cudgeler (level 8, -4/49 HPs)
             Began as a Gargoyle Fighter on June 19, 2017.
             Slain by an orc warrior
             ... wielding a +0 glaive
              (20 damage)
             ... on level 6 of the Dungeon.
             The game lasted 00:10:52 (5503 turns).

vishdafish the Cudgeler (Gargoyle Fighter)          Turns: 5503, Time: 00:10:53

Health: -4/49      AC: 13    Str: 22    XL:     8   Next: 58%
Magic:  8/8        EV: 10    Int:  8    God:
Gold:   331        SH: 10    Dex: 10    Spells: 7/7 levels left

rFire    . . .     SeeInvis .   a - +0 flail
rCold    . . .     Gourm    .   c - +0 shield
rNeg     + + .     Faith    .   E - +1 ring mail of Nihilism {rN+}
rPois    ∞         Spirit   .   (no helmet)
rElec    +         Reflect  .   B - +0 cloak
rCorr    .         Harm     .   (no gloves)
MR       .....                  (no boots)
Stlth    +.........             (no amulet)
Regen    0.2/turn               (no ring)
MPRegen  0.2/turn               (no ring)

@: no status effects
A: negative energy resistance 1, electricity resistance, unbreathing,
petrification resistance, rot immunity, AC +5
a: no special abilities


You were on level 6 of the Dungeon.
You were not hungry.

You visited 1 branch of the dungeon, and saw 6 of its levels.

You collected 331 gold pieces.

Inventory:

Hand Weapons
 a - a +0 flail (weapon)
Armour
 b - a +0 scale mail
 c - a +0 shield (worn)
 B - a +0 cloak (worn)
 E - the +1 ring mail of Nihilism (worn) {rN+}
   (You found it on level 6 of the Dungeon)

   It protects you from negative energy.
Jewellery
 g - an uncursed ring of wizardry {unknown}
 j - an uncursed amulet of harm {unknown}
 C - an uncursed amulet of the gourmand {unknown}
Wands
 H - a wand of acid (9/15)
Scrolls
 e - a scroll of enchant weapon {unknown}
 h - 2 scrolls of fear
 i - 2 scrolls of teleportation
 k - 4 scrolls of enchant armour
 m - 2 scrolls of fog
 n - 3 scrolls of recharging
 p - a scroll of noise {unknown}
 r - a scroll of immolation {unknown}
 s - a scroll of amnesia {unknown}
 x - 2 scrolls of remove curse {unknown}
 y - a scroll of random uselessness {unknown}
 F - a scroll of blinking {unknown}
 G - a scroll of identify
Potions
 d - 2 potions of might
 f - a potion of berserk rage
 l - 4 potions of lignification
 q - a potion of magic
 u - 2 potions of agility {unknown}
 v - a potion of brilliance
 A - a potion of flight
Comestibles
 t - 3 royal jellies
 w - 3 meat rations
 z - 4 bread rations


   Skills:
 + Level 5.0 Fighting
 + Level 6.4 Maces & Flails
 + Level 5.5 Armour
 + Level 2.4 Dodging
 - Level 1.0 Stealth
 + Level 6.2 Shields


You had 7 spell levels left.
You didn't know any spells.

Dungeon Overview and Level Annotations

Branches:
Dungeon (6/15)
 Temple: D:4-7

Altars:
Ashenzari
Dithmenos
Ru
Uskayaw

Shops:
D:6 :


Innate Abilities, Weirdness & Mutations

You are resistant to torment.
Your stone body is resilient. (AC +5)
You are immune to poison.
You resist negative energy. (rN+)
You are resistant to electric shocks. (rElec)
You can survive without breathing.
You are immune to petrification.
You are immune to rotting.


Message History

You sock the orc warrior!
The orc warrior is moderately wounded.
You block the orc warrior's attack.
You closely miss the orc warrior.
The orc warrior is moderately wounded.
The orc warrior barely misses you.
Your shield prevents you from hitting the orc warrior.
The orc warrior is moderately wounded.
The orc warrior misses you.
You hit the orc warrior but do no damage.
The orc warrior is moderately wounded.
You block the orc warrior's attack.
A quokka zombie comes into view.
Your shield prevents you from hitting the orc warrior.
The orc warrior is moderately wounded.
The orc warrior misses you.
You closely miss the orc warrior.
The orc warrior is moderately wounded.
The orc warrior hits you with a glaive!!
You die...

### #.# #######.##
#.......?##########
####.#...........<#
# #...#........#
###/Z.@......#
......####o###...
...##. ... . . #.
#### .. .$ #[# #.
###..o###### #)
)....oo(....
....########


o You could see an orc warrior and a quokka zombie.

Vanquished Creatures
  Menkaure (D:5)
  A black bear (D:4)
  An ogre (D:5)
  2 bullfrogs (D:6)
  A scorpion (D:4)
  A howler monkey (D:5)
  A crimson imp (D:6)
  A centaur zombie (D:5)
  3 hounds
  2 orc priests
  A jelly (D:5)
  A bullfrog skeleton (D:5)
  Jessica (D:3)
  Natasha (thrice) (D:3)
  Terence (D:2)
  5 orc wizards
  A worker ant (D:4)
  4 gnolls (D:2)
  3 adders (D:2)
  A shadow imp (D:5)
  An ooze (D:2)
  An adder skeleton (D:4)
  6 worms
  A dart slug (D:2)
  4 leopard geckos
  21 orcs
  6 giant cockroaches
  10 goblins
  12 hobgoblins
  3 jackals (D:3)
  2 quokkas
  2 ball pythons
  6 bats
  4 frilled lizards
  6 kobolds
  7 rats
127 creatures vanquished.

Vanquished Creatures (others)
  An orc wizard (D:5)
1 creature vanquished.

Grand Total: 128 creatures vanquished

Notes
Turn   | Place    | Note
-------+----------+-------------------------------------------
     0 | D:1      | vishdafish the Gargoyle Fighter began the quest for the Orb.
     0 | D:1      | Reached XP level 1. HP: 14/14 MP: 1/1
    69 | D:1      | Reached XP level 2. HP: 16/19 MP: 2/2
   522 | D:1      | Reached XP level 3. HP: 24/24 MP: 3/3
  1025 | D:2      | Reached XP level 4. HP: 29/29 MP: 4/4
  1399 | D:2      | Found a sacrificial altar of Ru.
  1399 | D:2      | Found a hide-covered altar of Uskayaw.
  1944 | D:2      | Reached XP level 5. HP: 7/33 MP: 5/5
  2386 | D:3      | Noticed Terence
  2423 | D:2      | Killed Terence
  2840 | D:2      | Reached XP level 6. HP: 24/38 MP: 6/6
  2962 | D:2      | Reached skill level 1 in Dodging
  3048 | D:3      | Noticed Jessica
  3056 | D:3      | Killed Jessica
  3174 | D:3      | Noticed Natasha
  3190 | D:3      | Killed Natasha
  3190 | D:3      | Reached skill level 1 in Stealth
  3190 | D:3      | Reached skill level 5 in Shields
  3311 | D:3      | Noticed Natasha
  3319 | D:3      | Killed Natasha
  3331 | D:3      | Noticed Natasha
  3338 | D:3      | Killed Natasha
  3671 | D:4      | Reached XP level 7. HP: 33/43 MP: 7/7
  3944 | D:4      | Reached skill level 5 in Armour
  4473 | D:5      | Entered Level 5 of the Dungeon
  4484 | D:5      | Found a shattered altar of Ashenzari.
  4682 | D:5      | Reached skill level 5 in Maces & Flails
  4718 | D:5      | Noticed Menkaure
  4728 | D:5      | Killed Menkaure
  4728 | D:5      | Reached XP level 8. HP: 17/48 MP: 8/8
  4967 | D:5      | Reached skill level 5 in Fighting
  5095 | D:5      | Found a shadowy altar of Dithmenos.
  5261 | D:6      | Found Xisuqomi's Book Shoppe.
  5283 | D:6      | Got a twisted ring mail
  5294 | D:6      | Identified the +1 ring mail of Nihilism {rN+} (You found it on level 6 of the Dungeon)
  5494 | D:6      | HP: 1/49 [orc warrior/glaive (8)]
  5503 | D:6      | Slain by an orc warrior

Skill      XL: |  1  2  3  4  5  6  7  8 |
---------------+-------------------------+-----
Shields        | 4 5 6 |  6.2
Armour         | 4 5 |  5.5
Maces & Flails | 3 5 6 |  6.4
Fighting       | 4 5 |  5.0
Dodging        | 1 2 |  2.4
Stealth        | 1 |  1.0

Action                   |  1- 3 |  4- 6 |  7- 9 || total
-------------------------+-------+-------+-------++-------
Melee: Flail             |    98 |   343 |   157 ||   598
  Use: Scroll            |       |       |    13 ||    13
       Potion            |       |       |     2 ||     2
  Eat: Bread ration      |     1 |     2 |       ||     3
       Royal jelly       |       |       |     2 ||     2
Armor: Scale mail        |    54 |   268 |    46 ||   368
       Ring mail         |       |       |     9 ||     9
Dodge: Dodged            |    31 |   161 |    49 ||   241
Block: Shield            |    51 |   270 |    85 ||   406
